 Dungeon Sprint DCSS version 0.23.2-1-ga50397a6bc (webtiles) character file.

Game seed: 7917320485150287295

424 Kobolds4U the Carver (level 6, -2/63 HPs)
             Began as a Minotaur Berserker on May 10, 2019.
             Was a Believer of Trog.
             Slain by a slime creature (12 damage)
             ... in the Dungeon (Sprint I: "Red Sonja").
             The game lasted 00:02:05 (404 turns).

Kobolds4U the Carver (Minotaur Berserker)            Turns: 404, Time: 00:02:06

Health: -2/63      AC:  5    Str: 21    XL:     6   Next: 64%
Magic:  5/5        EV: 15    Int:  4    God:    Trog [**....]
Gold:   107        SH:  0    Dex: 12    Spells: 5/5 levels left

rFire    . . .     SeeInvis .   a - +0 falchion
rCold    . . .     Gourm    .   (no shield)
rNeg     . . .     Faith    .   j - +0 ring mail
rPois    .         Spirit   .   (helmet restricted)
rElec    .         Reflect  .   (no cloak)
rCorr    .         Harm     .   (no gloves)
MR       .....     NoTele   +   (no boots)
Stlth    +.........             (no amulet)
HPRegen  0.20/turn              (no ring)
MPRegen  0.09/turn              (no ring)

@: no status effects
A: retaliatory headbutt, horns 2
a: Berserk, Trog's Hand, Renounce Religion


You were in the Dungeon.
You worshipped Trog.
Trog was pleased with you.
You were not hungry.

You visited 1 branch You collected 297 gold pieces.
You spent 190 gold pieces at shops.

Inventory:

Hand Weapons
 a - a +0 falchion (weapon)
Armour
 j - a +0 ring mail (worn)
Scrolls
 i - a scroll of blinking
 k - a scroll of identify {unknown}
Potions
 d - 2 potions of curing
 e - 2 potions of heal wounds
 f - a potion of haste
 g - 2 potions of magic
 h - a potion of berserk rage
 m - a potion of resistance
Comestibles
 b - 4 chunks of flesh
 c - a ration


   Skills:
 + Level 9.3 Fighting
 * Level 12.3 Long Blades
 - Level 2.4 Armour
 + Level 8.2 Dodging


You had 5 spell levels left.
You didn't know any spells.
Your spell library was empty.

Dungeon Overview and Level Annotations

Branches:
Dungeon (1/1)

Altars:
Cheibriados
Dithmenos
Elyvilon
Fedhas
Gozag
Hepliaklqana
Kikubaaqudgha
Makhleb
Nemelex Xobeh
Okawaru
Qazlal
Ru
Sif Muna
Trog
Uskayaw
Vehumet
Wu Jian
Xom
Yredelemnul
Zin
The Shining One
Jiyva
Lugonu

Shops:
D !


Innate Abilities, Weirdness & Mutations

You reflexively headbutt those who attack you in melee.
You have a pair of horns on your head.


Message History

The slime creature barely misses you.
You hit the slime creature.
The slime creature is severely wounded.
The slime creature barely misses you. You furiously retaliate!
You headbutt the slime creature! You barely miss the slime creature.
The slime creature is almost dead.
You hit the slime creature. You headbutt the slime creature.
The slime creature is almost dead.
The slime creature barely misses you.
You barely miss the slime creature.
Your headbutt misses the slime creature.
The slime creature is almost dead.
The slime creature completely misses you.
You hit the slime creature but do no damage.
The slime creature is almost dead.
You hit the slime creature.
The slime creature is almost dead.
The slime creature hits you!
You die...

###################
#<.#..)..#..'..#__#
#..'[.#..').#..@..+
#..#####'#####'#J_#
#..####..#...#(####
#..#__####..##.#
#..#_____##'#_.+
#⌠⌠#_.∩.!.÷..._#
####_..__##_.#'#
#_____###+#(#
####### ###


You could see a slime creature.

Vanquished Creatures
  Sigmund (D)
  A yak (D)
  An ogre (D)
  A jelly (D)
  Ijyb (D)
5 creatures vanquished.

Notes
Turn   | Place    | Note
-------+----------+-------------------------------------------
     0 | D        | Kobolds4U the Minotaur Berserker began the quest for the
                  | Orb.
     0 | D        | Reached XP level 1. HP: 19/19 MP: 0/0
     1 | D        | Noticed Ijyb
     6 | D        | Killed Ijyb
     6 | D        | Reached skill level 5 in Fighting
     6 | D        | Reached skill level 6 in Long Blades
     6 | D        | Reached XP level 2. HP: 26/29 MP: 1/1
    34 | D        | Noticed an ogre
    36 | D        | Killed an ogre
    36 | D        | Reached skill level 8 in Long Blades
    36 | D        | Reached skill level 5 in Dodging
    36 | D        | Reached XP level 3. HP: 38/38 MP: 2/2
    36 | D        | Reached XP level 4. HP: 45/45 MP: 3/3
    69 | D        | Noticed Sigmund
    73 | D        | Killed Sigmund
    73 | D        | Reached ** piety under Trog
    73 | D        | Reached skill level 10 in Long Blades
    73 | D        | Reached XP level 5. HP: 37/53 MP: 4/4
   164 | D        | Found an ornate altar of the Wu Jian Council.
   164 | D        | Found a deep blue altar of Sif Muna.
   166 | D        | Found a radiant altar of Vehumet.
   169 | D        | Reached skill level 11 in Long Blades
   169 | D        | Reached XP level 6. HP: 49/62 MP: 5/5
   234 | D        | Found Roigrem's Distillery.
   234 | D        | Found an ancient bone altar of Kikubaaqudgha.
   234 | D        | Found a hazy altar of Hepliaklqana.
   234 | D        | Found a stormy altar of Qazlal.
   234 | D        | Found a hide-covered altar of Uskayaw.
   234 | D        | Found a blossoming altar of Fedhas.
   234 | D        | Found a bloodstained altar of Trog.
   234 | D        | Found an iron altar of Okawaru.
   234 | D        | Found a basalt altar of Yredelemnul.
   234 | D        | Found a glowing golden altar of the Shining One.
   234 | D        | Found a snail-covered altar of Cheibriados.
   234 | D        | Found a sacrificial altar of Ru.
   234 | D        | Found a glowing silver altar of Zin.
   234 | D        | Found a shadowy altar of Dithmenos.
   234 | D        | Found a white marble altar of Elyvilon.
   234 | D        | Noticed a yak
   243 | D        | Killed a yak
   243 | D        | Reached skill level 12 in Long Blades
   244 | D        | Found an opulent altar of Gozag.
   373 | D        | Found a sparkling altar of Nemelex Xobeh.
   377 | D        | Bought a potion of heal wounds for 50 gold pieces
   377 | D        | Bought a potion of degeneration for 10 gold pieces
   377 | D        | Bought a potion of resistance for 100 gold pieces
   377 | D        | Bought a potion of curing for 30 gold pieces
   388 | D        | Found a viscous altar of Jiyva.
   388 | D        | Found a corrupted altar of Lugonu.
   388 | D        | Noticed a slime creature
   389 | D        | Found a burning altar of Makhleb.
   389 | D        | Found a shimmering altar of Xom.
   404 | D        | Slain by a slime creature

Skill      XL: |  1  2  3  4  5  6 |
---------------+-------------------+-----
Fighting       | 5 6 8 9 |  9.3
Long Blades    | 6 8 10 11 12 | 12.3
Dodging        | 3 5 7 8 |  8.2
Armour         | |  2.4

Action                   |  1- 3 |  4- 6 || total
-------------------------+-------+-------++-------
Melee: Falchion          |     5 |    29 ||    34
       Headbutt          |     3 |     8 ||    11
Invok: Berserk           |     1 |       ||     1
Armor: Animal skin       |     1 |       ||     1
Dodge: Dodged            |     3 |     8 ||    11
       Rpst.: Falchion   |     2 |     1 ||     3
